 Dungeon Crawl Stone Soup version 0.21.1-1-g345015f (webtiles) character file.

225 inc the Changer (level 5, 22/22 HPs)
             Began as a Felid Transmuter on Mar 6, 2018.
             Was a Believer of Sif Muna.
             Quit the game on level 5 of the Dungeon.
             The game lasted 00:09:52 (4869 turns).

inc the Changer (Felid Transmuter)                  Turns: 4869, Time: 00:09:52

Health: 22/22      AC:  2    Str:  6    XL:     5   Next: 68%
Magic:  9/9        EV: 18    Int: 16    God:    Sif Muna [**....]
Gold:   209        SH:  0    Dex: 17    Spells: 2/8 levels left
                                        Lives:  0   Deaths: 1

rFire    . . .     SeeInvis +     - Unarmed
rCold    . . .     Gourm    .   (shield unavailable)
rNeg     + + .     Faith    .   (armour unavailable)
rPois    .         Spirit   .   (helmet unavailable)
rElec    .         Reflect  .   (cloak unavailable)
rCorr    .         Harm     .   (gloves unavailable)
MR       .....                  (boots unavailable)
Stlth    ++........             (no amulet)
HPRegen  0.07/turn              h - ring of positive energy
MPRegen  0.11/turn              p - ring of positive energy

@: divine energy, quick
A: very small, no armour, no weapons or thrown items, stealth, claws 1, fangs 3,
see invisible, carnivore, speed 1, shaggy fur 2, slow metabolism 1, sharp paws
a: Stop Divine Energy, Renounce Religion


You were on level 5 of the Dungeon.
You worshipped Sif Muna.
Sif Muna was pleased with you.
You were not hungry.

You visited 1 branch of the dungeon, and saw 5 of its levels.

You collected 209 gold pieces.

Inventory:

Missiles
 a - 27 arrows
Jewellery
 h - a ring of positive energy (left paw)
 j - an uncursed ring of poison resistance {unknown}
 o - an uncursed ring of positive energy
 p - a ring of positive energy (right paw)
 s - an uncursed amulet of faith {unknown}
Scrolls
 d - a scroll of random uselessness {unknown}
 i - 3 scrolls of teleportation {unknown}
 k - a scroll of fog {unknown}
 l - 2 scrolls of fear {unknown}
 m - 2 scrolls of amnesia {unknown}
 n - a scroll of noise {unknown}
 t - a scroll of enchant weapon {unknown}
 u - a scroll of magic mapping {unknown}
 v - 2 scrolls of blinking {unknown}
Potions
 e - 3 potions of agility
 f - 3 potions of degeneration
 g - 5 potions of brilliance
 r - a potion of resistance
Books
 b - a book of Changes

   Spells                             Type                      Level
   a - Beastly Appendage              Transmutation                1
   b - Sticks to Snakes               Transmutation                2
   c - Spider Form                    Transmutation/Poison         3
   d - Ice Form                       Ice/Transmutation            4
   e - Blade Hands                    Transmutation                5
 q - a book of Air

   Spells                             Type                      Level
   a - Shock                          Conjuration/Air              1
   b - Swiftness                      Charms/Air                   2
   c - Static Discharge               Conjuration/Air              3
   d - Airstrike                      Air                          4
   e - Lightning Bolt                 Conjuration/Air              5
Comestibles
 c - 7 rations


   Skills:
 - Level 1.0 Fighting
 - Level 2.6 Dodging
 - Level 5.0 Unarmed Combat
 - Level 2.0 Spellcasting
 + Level 5.8 Transmutations
 - Level 2.2 Poison Magic


You had 2 spell levels left.
You knew the following spells:

 Your Spells              Type           Power        Failure   Level  Hunger
a - Beastly Appendage     Tmut           ###...       1%          1    #......
b - Sticks to Snakes      Tmut           ###.....     2%          2    ###....
c - Spider Form           Tmut/Pois      ##........   12%         3    ###....


Dungeon Overview and Level Annotations

Branches:
Dungeon (5/15)
 Temple: D:4-7

Altars:
Nemelex Xobeh
Okawaru
Qazlal
Sif Muna
Xom

Annotations:
D:3 Natasha; appiemonkey's ghost, amateur MiGl


Innate Abilities, Weirdness & Mutations

You cannot wear armour.
You are incapable of wielding weapons or throwing items.
Your paws allow you to move quietly. (Stealth)
You have sharp claws.
You have razor-sharp teeth.
You have supernaturally acute eyesight. (SInv)
You are carnivorous and can eat meat at any time.
You cover ground quickly.
You are covered in thick fur. (AC +2)
You have a slow metabolism.
Your sharp claws are effective at attacking unaware monsters.


Message History

The adder closely misses your adder.
Your adder barely misses the adder.
The adder barely misses your adder.
Your adder bites the adder.
The adder is poisoned.
Your adder poisons the adder!
The adder closely misses your adder.
Your adder barely misses the adder.
The adder closely misses your adder.
Your adder completely misses the adder.
Your magical contamination has completely faded away.
* * * LOW HITPOINT WARNING * * *
You feel sick.
Your adder looks more healthy.
Something barely misses your adder.
Your adder completely misses the adder.
The adder barely misses your adder.
Your adder closely misses the adder.
The adder bites your adder.
Your adder dies!
You die...
You feel sick.
You are no longer poisoned.
You are now level 5!
You rejoin the land of the living...
Are you sure you want to abandon this character and quit the game? (Confirm with "yes".)

## ##.# #@#
#### #.##
##..### #.#
##.....## #.#
##..##...###..#
...####...(..#
..## #.....##
.## ##....# ##
##.....##


There were no monsters in sight!

Vanquished Creatures
  A hound (D:4)
  An orc wizard (D:4)
  2 iguanas
  4 worker ants
  A killer bee zombie (D:4)
  A worker ant zombie (D:5)
  4 adders
  2 river rats (D:5)
  An adder skeleton (D:4)
  4 worms
  2 leopard geckos
  5 orcs
  5 giant cockroaches
  6 goblins
  7 hobgoblins
  7 jackals
  5 kobolds
  5 quokkas
  A ball python (D:3)
  6 bats
  4 frilled lizards
  A quokka skeleton (D:4)
  6 rats
81 creatures vanquished.

Vanquished Creatures (collateral kills)
  A scorpion (D:5)
  A crimson imp (D:5)
  A worker ant (D:5)
  A giant cockroach zombie (D:5)
4 creatures vanquished.

Grand Total: 85 creatures vanquished

Notes
Turn   | Place    | Note
-------+----------+-------------------------------------------
     0 | D:1      | inc the Felid Transmuter began the quest for the Orb.
     0 | D:1      | Reached XP level 1. HP: 9/9 MP: 4/4
   162 | D:1      | Reached XP level 2. HP: 9/12 MP: 6/6
  1159 | D:2      | Reached XP level 3. HP: 14/15 MP: 7/7
  1658 | D:2      | Learned a level 2 spell: Sticks to Snakes
  2414 | D:3      | Found a faded altar of an unknown god.
  2481 | D:3      | Reached XP level 4. HP: 19/19 MP: 8/8
  2582 | D:3      | Reached skill level 5 in Unarmed Combat
  2785 | D:3      | Became a worshipper of Sif Muna the Loreminder
  2785 | D:3      | Reached * piety under Sif Muna
  2843 | D:3      | Noticed a centaur
  3083 | D:3      | Found a sparkling altar of Nemelex Xobeh.
  3093 | D:3      | Noticed appiemonkey's ghost (amateur MiGl)
  3095 | D:3      | Noticed Natasha
  3107 | D:2      | You fall through a shaft for 2 floors!
  3285 | D:4      | Learned a level 3 spell: Spider Form
  3524 | D:4      | Reached XP level 5. HP: 22/22 MP: 9/9
  3600 | D:4      | Reached skill level 1 in Poison Magic
  3852 | D:4      | Found a shimmering altar of Xom.
  3901 | D:4      | Reached ** piety under Sif Muna
  3977 | D:4      | Found an iron altar of Okawaru.
  4003 | D:4      | Gained mutation: You are covered in thick fur. (AC +2) [Felid growth]
  4003 | D:4      | Reached XP level 6. HP: 23/25 MP: 10/10
  4142 | D:5      | Entered Level 5 of the Dungeon
  4226 | D:5      | Reached skill level 5 in Transmutations
  4645 | D:5      | Noticed an air elemental
  4647 | D:5      | Found a stormy altar of Qazlal.
  4648 | D:5      | Noticed a water elemental
  4648 | D:5      | Noticed a fire elemental
  4863 | D:5      | HP: 1/25 [poisoned by an adder]
  4868 | D:5      | Succumbed to an adder's poison
  4869 | D:5      | Reached XP level 5. HP: 0/22 MP: 3/9
  4869 | D:5      | Quit the game

Skill      XL: |  1  2  3  4  5  6 |
---------------+-------------------+-----
Unarmed Combat | 4 5 |  5.0
Transmutations | 3 4 5 |  5.8
Poison Magic   | 2 |  2.2
Fighting       | |  1.0
Dodging        | |  2.6
Spellcasting   | |  2.0

Action                   |  1- 3 |  4- 6 || total
-------------------------+-------+-------++-------
Melee: Unarmed           |   131 |   145 ||   276
       Punch             |     5 |     2 ||     7
       Bite              |     5 |     9 ||    14
       Headbutt          |     4 |     9 ||    13
 Cast: Beastly Appendage |     7 |    11 ||    18
       Sticks to Snakes  |     6 |     7 ||    13
       Spider Form       |       |     7 ||     7
Invok: Divine Energy     |       |     1 ||     1
 Abil: End Transformatio |       |     2 ||     2
  Use: Potion            |       |     2 ||     2
       Scroll            |       |     5 ||     5
 Stab: Sleeping          |     6 |     8 ||    14
  Eat: Chunk             |     3 |     6 ||     9
Armor: Skin              |     6 |     3 ||     9
Dodge: Dodged            |    97 |   120 ||   217
